 Dungeon Crawl Stone Soup version 0.21.1-1-g345015f (webtiles) character file.

562 Monsterracer the Insei (level 7, -5/60 HPs)
             Began as a Minotaur Monk on May 31, 2018.
             Killed from afar by an orc wizard (11 damage)
             ... with a magic dart
             ... on level 4 of the Dungeon.
             The game lasted 00:04:38 (4750 turns).

Monsterracer the Insei (Minotaur Monk)              Turns: 4750, Time: 00:04:39

Health: -5/60      AC:  0    Str: 15    XL:     7   Next: 10%
Magic:  15/15      EV: 12    Int:  7    God:
Gold:   200        SH:  9    Dex: 15    Spells: 6/6 levels left

rFire    . . .     SeeInvis .     - Unarmed
rCold    . . .     Gourm    .   h - +0 shield
rNeg     . . .     Faith    .   (no armour)
rPois    .         Spirit   .   (helmet restricted)
rElec    .         Reflect  .   (no cloak)
rCorr    .         Harm     .   (no gloves)
MR       .....                  (no boots)
Stlth    ++........             (no amulet)
HPRegen  0.20/turn              f - ring of magical power
MPRegen  0.14/turn              (no ring)

@: drained
A: retaliatory headbutt, horns 2
a: no special abilities


You were on level 4 of the Dungeon.
You were not hungry.

You visited 1 branch of the dungeon, and saw 4 of its levels.

You collected 200 gold pieces.

Inventory:

Armour
 h - a +0 shield (worn)
Jewellery
 f - a ring of magical power (left hand)
Scrolls
 b - a scroll of enchant weapon {unknown}
 d - a scroll of noise {unknown}
 g - a scroll of fog {unknown}
 i - 4 scrolls of teleportation
Potions
 a - 4 potions of curing
 e - a potion of resistance {unknown}
 j - a potion of flight {unknown}
 k - a potion of might {unknown}
Comestibles
 c - 5 rations
 l - 2 chunks of flesh


   Skills:
 + Level 4.5(4.2) Fighting
 + Level 4.1(3.8) Dodging
 + Level 2.6(2.3) Stealth
 + Level 3.4(3.1) Shields
 * Level 7.0(6.7) Unarmed Combat


You had 6 spell levels left.
You didn't know any spells.

Dungeon Overview and Level Annotations

Branches:
Dungeon (4/15)
 Temple: D:4-7

Altars:
Yredelemnul


Innate Abilities, Weirdness & Mutations

You reflexively headbutt those who attack you in melee.
You have a pair of horns on your head.


Message History

No target in view!
You butcher the ogre corpse.
l - 3 chunks of flesh You see here a giant spiked club. x2
Eating one of 3 chunks of flesh.
You eat one of the 3 chunks of flesh.
This raw flesh tastes terrible.
You now have 200 gold pieces (gained 19).
Key pressed, stopping explore.
No target in view!
Things that are here:
a shortbow; 19 arrows; a centaur corpse An orc comes into view.
It is wielding a flail of draining.
An orc comes into view. It is wielding a club.
Found 23 arrows.
An orc comes into view. It is wielding a short sword.
There are monsters nearby!
The orc shouts! x3
An orc wizard comes into view. It is wielding a dagger.
The orc wizard shouts!
You hear a shout!
There are monsters nearby!
The orc wizard casts a spell.
The orc wizard seems to speed up.
You hit the orc.
The orc is moderately wounded.
The orc hits you with a flail of draining.
You feel drained.
You take 9 damage, and have 51/60 hp.
You hit the orc.
You kill the orc!
You block the orc wizard's attack.
The orc wizard hits you but does no damage.
Things that are here:
a flail of draining; a leather armour; an orc corpse You hit the orc wizard but do no damage.
The orc wizard casts a spell at you. The magic dart hits you!
You take 4 damage, and have 48/60 hp.
You hit the orc wizard but do no damage.
Your headbutt misses the orc wizard.
The orc wizard gestures wildly while chanting.
The orc wizard blinks!
You punch the orc!
You kill the orc!
The orc wizard gestures wildly while chanting.
The orc wizard blinks!
You block the orc's attack.
You see here a short sword.
You hit the orc wizard but do no damage.
Your headbutt misses the orc wizard. The orc wizard hits you with a dagger.
The orc closely misses you. The orc wizard closely misses you.
You punch the orc!
You kill the orc!
You block the orc wizard's attack.
You closely miss the orc wizard. Your headbutt misses the orc wizard.
The orc wizard hits you with a dagger. The orc wizard casts a spell at you.
The magic dart hits you!
You take 8 damage, and have 40/60 hp.
An orc wizard comes into view. It is wielding a dagger.
The orc wizard shouts!
Things that are here:
a club; a scale mail; an orc corpse You are too injured to fight recklessly!
The orc wizard gestures at you while chanting.
The magic dart hits you!
* * * LOW HITPOINT WARNING * * *
You take 12 damage, and have 28/60 hp.
You hit the orc wizard. Your headbutt misses the orc wizard.
The orc wizard is moderately wounded.
The orc wizard hits you with a dagger.
* * * LOW HITPOINT WARNING * * *
You take 1 damage, and have 27/60 hp.
You hit the orc wizard but do no damage.
Your headbutt misses the orc wizard.
The orc wizard is moderately wounded.
You block the orc wizard's attack.
The orc wizard points at you and mumbles some strange words.
The magic dart hits you!
* * * LOW HITPOINT WARNING * * *
You take 7 damage, and have 20/60 hp.
You hit the orc wizard but do no damage.
The orc wizard is moderately wounded.
The orc wizard misses you. The orc wizard closely misses you.
You closely miss the orc wizard.
The orc wizard is moderately wounded.
The orc wizard hits you with a dagger.
* * * LOW HITPOINT WARNING * * *
The orc wizard misses you. You furiously retaliate!
You headbutt the orc wizard.
You take 5 damage, and have 15/60 hp.
You hit the orc wizard.
The orc wizard is heavily wounded.
The orc wizard mumbles some strange words.
The orc wizard blinks!
The orc wizard hits you with a dagger.
* * * LOW HITPOINT WARNING * * *
You take 4 damage, and have 11/60 hp.
The orc wizard hits you with a dagger.
* * * LOW HITPOINT WARNING * * *
The orc wizard points at you and mumbles some strange words.
The magic dart hits you!
You die...

...........##
............#
#.....#.....##
######....?.##
#....##.##
#.....##..##
#.....###).#
#.....# ##o##
#....# ####@##
#...( #...o.#
#........#
........#..#
#........#.#
#........ ..
#........ ..#
##.....### ##
######


You could see 2 orc wizards.

Vanquished Creatures
  A centaur (D:4)
  An ogre (D:4)
  A scorpion (D:4)
  An orc wizard (D:4)
  4 worker ants
  A hound skeleton (D:4)
  6 gnolls
  6 adders
  A worm (D:3)
  2 dart slugs
  2 leopard geckos
  10 orcs
  9 bats
  4 giant cockroaches
  6 goblins
  10 hobgoblins
  8 jackals
  A quokka (D:2)
  2 ball pythons
  3 frilled lizards
  7 kobolds
  9 rats
95 creatures vanquished.

Notes
Turn   | Place    | Note
-------+----------+-------------------------------------------
     0 | D:1      | Monsterracer the Minotaur Monk began the quest for the Orb.
     0 | D:1      | Reached XP level 1. HP: 19/19 MP: 0/0
   116 | D:1      | Reached XP level 2. HP: 20/27 MP: 1/1
   319 | D:1      | HP: 13/27 [bat (1)]
   320 | D:1      | Reached skill level 4 in Unarmed Combat
   753 | D:2      | Reached XP level 3. HP: 19/33 MP: 2/2
  1963 | D:3      | Reached skill level 5 in Unarmed Combat
  2089 | D:3      | Reached XP level 4. HP: 40/40 MP: 3/3
  2423 | D:3      | Reached skill level 6 in Unarmed Combat
  2841 | D:3      | Reached XP level 5. HP: 46/46 MP: 4/4
  2923 | D:3      | Reached skill level 1 in Shields
  2923 | D:3      | HP: 15/46 [gnoll/halberd (18)]
  3701 | D:4      | Noticed an ogre
  3729 | D:3      | HP: 17/46 [gnoll/flail (13)]
  3734 | D:3      | HP: 6/46 [gnoll/flail (4)]
  3756 | D:3      | HP: 4/46 [gnoll/flail (5)]
  4075 | D:4      | Reached XP level 6. HP: 43/52 MP: 5/5
  4243 | D:4      | HP: 25/52 [worker ant (6)]
  4248 | D:4      | HP: 13/52 [poisoned by a worker ant]
  4253 | D:4      | HP: 7/52 [poisoned by a worker ant]
  4532 | D:4      | Found a basalt altar of Yredelemnul.
  4603 | D:4      | Reached skill level 7 in Unarmed Combat
  4603 | D:4      | Reached XP level 7. HP: 39/60 MP: 6/6
  4744 | D:4      | HP: 28/60 [orc wizard/magic dart (12)]
  4749 | D:4      | HP: 11/60 [orc wizard/dagger (4)]
  4750 | D:4      | Killed from afar by an orc wizard

Skill      XL: |  1  2  3  4  5  6 |
---------------+-------------------+-----
Unarmed Combat | 4 5 6 7 |  7.0
Shields        | 2 3 |  3.4
Stealth        | 2 |  2.6
Fighting       | 4 |  4.5
Dodging        | 4 |  4.1

Action                   |  1- 3 |  4- 6 |  7- 9 || total
-------------------------+-------+-------+-------++-------
Melee: Unarmed           |    80 |   134 |    13 ||   227
       Headbutt          |     9 |    21 |       ||    30
       Punch             |       |     3 |       ||     3
  Use: Scroll            |       |     2 |       ||     2
       Potion            |       |     1 |       ||     1
 Stab: Sleeping          |     7 |     7 |       ||    14
  Eat: Chunk             |     3 |     8 |     1 ||    12
Armor: Robe              |     1 |       |       ||     1
Dodge: Dodged            |    62 |    68 |     5 ||   135
Block: Shield            |       |       |     4 ||     4

Vault maps used:
D:1:      ncdulo_watergridlock, minmay_misc_feat_hallway
D:4:      overflow_temple_1_default, minmay_temple_entry_junction, first_ration,
          kennysheep_generic_room_11
